 Dungeon Crawl Stone Soup version 0.24.0-2-g5b39cebb1c (webtiles) character file.

Game seed: 3392465308436435432, levelgen mode: deterministic

68 Mrkan the Caller (level 4, -5/25 HPs)
             Began as a Tengu Summoner on Oct 29, 2019.
             Slain by Sigmund
             ... wielding a +0 scythe
              (11 damage)
             ... on level 2 of the Dungeon.
             The game lasted 00:06:14 (2989 turns).

Mrkan the Caller (Tengu Summoner)                   Turns: 2989, Time: 00:06:14

Health: -5/25      AC:  2    Str:  8    XL:     4   Next: 19%
Magic:  5/8        EV: 13    Int: 17    God:
Gold:   136        SH:  0    Dex: 14    Spells: 5/8 levels left

rFire    . . .     SeeInvis .   (no weapon)
rCold    . . .     Gourm    .   (no shield)
rNeg     . . .     Faith    .   a - +0 robe
rPois    .         Spirit   .   (helmet restricted)
rElec    .         Reflect  .   (no cloak)
rCorr    .         Harm     .   (no gloves)
MR       .....                  (boots unavailable)
Stlth    ++........             (no amulet)
HPRegen  0.08/turn              (no ring)
MPRegen  0.11/turn              (no ring)

@: no status effects
A: beak, talons 3
a: no special abilities


You were on level 2 of the Dungeon.
You were not hungry.

You visited 1 branch of the dungeon, and saw 2 of its levels.

You collected 136 gold pieces.

Inventory:

Armour
 a - a +0 robe (worn)
Scrolls
 b - a scroll of teleportation {unknown}
 d - a scroll of fear {unknown}
 e - a scroll of magic mapping {unknown}
 g - 3 scrolls of remove curse {unknown}
 h - a scroll of identify {unknown}
Potions
 c - a potion of lignification {unknown}
 f - a potion of flight {unknown}
 j - a potion of heal wounds {unknown}
 k - a potion of curing {unknown}
Comestibles
 i - 3 rations


   Skills:
 + Level 1.3 Fighting
 + Level 2.9 Dodging
 - Level 2.0 Stealth
 + Level 2.5 Spellcasting
 * Level 5.6 Summonings


You had 5 spell levels left.
You knew the following spells:

 Your Spells              Type           Power        Failure   Level  Hunger
a - Summon Small Mammal   Summ           ###.         1%          1    #......
b - Call Imp              Summ           ###.....     2%          2    ##.....

Your spell library contained the following spells:

 Spells                   Type           Power        Failure   Level  Hunger
 Call Canine Familiar     Summ           ###.....     5%          3    ###....
 Summon Guardian Golem    Hex/Summ       ##......     17%         3    ###....
 Summon Ice Beast         Ice/Summ       ##......     50%         4    #####..
 Summon Lightning Spire   Summ/Air       ##......     50%         4    #####..


Dungeon Overview and Level Annotations

Branches:
Dungeon (2/15)

Altars:
Makhleb

Annotations:
D:2 Sigmund


Innate Abilities, Weirdness & Mutations

You have a beak for a mouth.
You have claws for feet.


Message History

You swap places.
Your iron imp barely misses the ooze.
Your shadow imp closely misses something.
The ooze hits your iron imp but does no damage.
You swap places.
Your iron imp hits the ooze!
Something hits your iron imp. The ooze barely misses your iron imp.
Your shadow imp hits something.
You eat one of the 4 rations.
That ration really hit the spot!
Your shadow imp hits something.
Your crimson imp blinks!
The ooze hits your iron imp.
You hear some strange, mumbled words.
Your iron imp appears confused.
Your shadow imp closely misses something.
The ooze hits your iron imp but does no damage.
Something hits you.
* * * LOW HITPOINT WARNING * * *
Your iron imp hits the ooze.
The ooze dies!
Your shadow imp hits something.
Your iron imp barely misses something.
Something hits you!
You die...

###.####(# #.
#.######.####.# #.##
#.#...........# ..$#
#.#.####.######
####.####.#5# #.# #
#.....).#.#.# #.#
#>#.$.....#.#5# #.#
#$#.......#.#.# #.#
#......5..5@#.#
#.#########
#....>5.###.####.........#
#.......# #<55.#########.#
#.......# ####5#########.#
####.#### #5...........
#.# #..########.. #.# #..#
#.# #.# #..## #.# #.#
#...# #.#


You could see a friendly iron imp (confused), a friendly crimson imp and a
friendly shadow imp.

Vanquished Creatures
  2 oozes (D:1)
  2 dart slugs (D:1)
  A bat (D:1)
  A giant cockroach (D:1)
  4 hobgoblins
  A frilled lizard (D:2)
  2 kobolds
  A rat (D:1)
14 creatures vanquished.

Vanquished Creatures (collateral kills)
  Jessica (D:2)
  2 adders (D:2)
  An ooze (D:2)
  A worm (D:2)
  A dart slug (D:2)
  2 leopard geckos (D:1)
  2 giant cockroaches (D:2)
  3 goblins
  A hobgoblin (D:2)
  3 jackals (D:2)
  2 kobolds
  A ball python (D:2)
  A bat (D:2)
  2 frilled lizards (D:2)
  2 rats
25 creatures vanquished.

Grand Total: 39 creatures vanquished

Notes
Turn   | Place    | Note
-------+----------+-------------------------------------------
     0 | D:1      | Mrkan the Tengu Summoner began the quest for the Orb.
     0 | D:1      | Reached XP level 1. HP: 10/10 MP: 4/4
   317 | D:1      | Reached skill level 5 in Summonings
   644 | D:1      | Reached XP level 2. HP: 13/16 MP: 1/6
  1040 | D:1      | Learned a level 2 spell: Call Imp
  1154 | D:1      | Reached skill level 1 in Fighting
  1154 | D:1      | Reached XP level 3. HP: 7/20 MP: 5/7
  2488 | D:2      | Found a burning altar of Makhleb.
  2517 | D:2      | Noticed Jessica
  2540 | D:2      | Killed Jessica
  2540 | D:2      | Reached XP level 4. HP: 13/25 MP: 1/8
  2975 | D:2      | Noticed Sigmund
  2989 | D:2      | Slain by Sigmund

Levels and vault maps discovered:
D:1:      dpeg_arrival_signposts, layout_basic, minmay_misc_feat_tower,
          minmay_door_square
D:2:      layout_loops_ring, bloody_makhleb, minmay_misc_feat_rows,
          uniq_jessica, uniq_sigmund

Skill      XL: |  1  2 |
---------------+-------+-----
Summonings     | 5 |  5.6
Fighting       | 1 |  1.3
Dodging        | |  2.9
Stealth        | |  2.0
Spellcasting   | |  2.5

Action                   |  1- 3 |  4- 6 || total
-------------------------+-------+-------++-------
Melee: Unarmed           |    59 |     6 ||    65
       Kick              |    13 |     1 ||    14
       Peck              |     7 |       ||     7
 Cast: Summon Small Mamm |     9 |       ||     9
       Call Imp          |    18 |     7 ||    25
 Stab: Sleeping          |     2 |       ||     2
  Eat: Chunk             |     2 |     1 ||     3
       Ration            |     1 |     1 ||     2
Armor: Robe              |     7 |       ||     7
Dodge: Dodged            |    51 |     8 ||    59
